 Dungeon Crawl Stone Soup version 0.20.1-1-g8b1a95d (webtiles) character file.

3483 zhuk the Basher (level 10, 0/91 HPs)
             Began as a Gargoyle Gladiator on Sept 19, 2017.
             Was a Priest of Okawaru.
             Slain by a swamp worm (2 damage)
             ... on level 8 of the Dungeon on Sept 20, 2017.
             The game lasted 00:23:11 (9690 turns).

zhuk the Basher (Gargoyle Gladiator)                Turns: 9690, Time: 00:23:12

Health: 0/91       AC: 25    Str: 18    XL:     10   Next: 7%
Magic:  10/11      EV:  2    Int: 11    God:    Okawaru [***...]
Gold:   346        SH:  0    Dex: 15    Spells: 9/9 levels left

rFire    . . .     SeeInvis +   p - +2 whip (elec)
rCold    . . .     Gourm    +   (no shield)
rNeg     + + +     Faith    .   (armour currently unavailable)
rPois    ∞         Spirit   .   (helmet currently unavailable)
rElec    .         Reflect  .   (cloak currently unavailable)
rCorr    .         Harm     .   (gloves currently unavailable)
MR       .....     NoTele   +   (boots currently unavailable)
Stlth    +++.......             N - amulet of the gourmand
Regen    0.3/turn               h - ring of see invisible
MPRegen  0.2/turn               L - +3 ring of dexterity

@: tree-form, heroism, very slow
A: negative energy resistance 1, petrification resistance, rot immunity, AC +7
a: Heroism, Renounce Religion


You were on level 8 of the Dungeon.
You worshipped Okawaru.
Okawaru was most pleased with you.
You were completely stuffed.
You were a tree.
You visited 1 branch of the dungeon, and saw 8 of its levels.

You collected 346 gold pieces.

Inventory:

Hand Weapons
 p - a +2 whip of electrocution (weapon)
Missiles
 d - 3 throwing nets
 u - 3 tomahawks (quivered)
Armour
 c - a +0 helmet (melded)
 o - a +0 ring mail (melded)
 I - a +0 pair of gloves
 M - a +0 pair of gloves (melded)
Jewellery
 h - a ring of see invisible (left branch)
 F - an uncursed ring of stealth
 L - a +3 ring of dexterity (right branch)
 N - an amulet of the gourmand (around neck)
Wands
 K - a wand of iceblast (8/15)
Scrolls
 a - a scroll of blinking {unknown}
 b - 4 scrolls of remove curse
 e - a scroll of noise {unknown}
 k - 4 scrolls of immolation
 l - 2 scrolls of enchant weapon {unknown}
 n - 2 scrolls of enchant armour
 s - a scroll of fog
 t - 2 scrolls of recharging {unknown}
 v - a scroll of fear {unknown}
 x - 2 scrolls of magic mapping {unknown}
 y - 3 scrolls of teleportation
 B - 2 scrolls of amnesia
 E - 3 scrolls of random uselessness {unknown}
Potions
 g - 4 potions of curing
 m - a potion of haste
 q - a potion of flight {unknown}
 r - a potion of ambrosia {unknown}
 w - a potion of invisibility {unknown}
 z - a potion of magic {unknown}
 C - a potion of lignification
 D - a potion of berserk rage {unknown}
 G - a potion of heal wounds {unknown}
 J - a potion of cancellation {unknown}
Books
 H - the Reference Book on Noxious Ignition
   (You found it on level 8 of the Dungeon)

   Spells                             Type                      Level
   a - Throw Flame                    Conjuration/Fire             2
   b - Poisonous Vapours              Poison/Air                   2
   c - Fireball                       Conjuration/Fire             5
   d - Alistair's Intoxication        Transmutation/Poison         5
   e - Bolt of Fire                   Conjuration/Fire             6
Comestibles
 f - 8 bread rations
 i - a royal jelly
 j - 2 meat rations
 A - a fruit
 O - 3 chunks of flesh


   Skills:
 + Level 6.8(11.8) Fighting
 + Level 12.5(17.5) Maces & Flails
 - Level 1.7(6.7) Throwing
 - Level 2.4(7.4) Dodging
 - Level 2.3 Invocations


You had 9 spell levels left.
You didn't know any spells.

Dungeon Overview and Level Annotations

Branches:
Dungeon (8/15)             Temple (0/1) D:4
   Lair: D:8-11

Altars:
Cheibriados
Dithmenos
Gozag
Hepliaklqana
Kikubaaqudgha
Nemelex Xobeh
Okawaru
Qazlal
Ru
Sif Muna
Uskayaw
The Shining One


Innate Abilities, Weirdness & Mutations

You are resistant to torment.
((Your stone body is resilient. (AC +7)))
You are immune to poison.
You resist negative energy. (rN+)
((You are resistant to electric shocks. (rElec)))
((You can survive without breathing.))
You are immune to petrification.
You are immune to rotting.


Message History

The swamp worm is moderately wounded.
The swamp worm bites you.
* * * LOW HITPOINT WARNING * * *
You hit the swamp worm.
The swamp worm is heavily wounded.
The swamp worm bites you!
* * * LOW HITPOINT WARNING * * *
The swamp worm bites you.
* * * LOW HITPOINT WARNING * * *
You hit the swamp worm.
You punch the swamp worm, but do no damage.
The swamp worm is heavily wounded.
The swamp worm barely misses you.
You hit the swamp worm but do no damage.
The swamp worm is heavily wounded.
The swamp worm bites you but does no damage.
You hit the swamp worm.
The swamp worm is severely wounded.
The swamp worm bites you.
You die...

.#.....####.....# #..##....###
.##.........##..# #..####..##.
.###.......####.## #.## ##.... .#
#..##..####...#####.# ##.##.
.###......##≈≈≈≈≈≈≈....# #..###
..##......≈≈≈≈≈≈≈≈≈≈≈..# #.## #
..[...###≈≈≈#######≈≈≈.# ##.####
.#...####≈≈≈#≈≈≈≈w##≈≈.####..##..
####.# #.≈≈≈≈≈≈≈♣≈$#≈≈..##.......
.....# #.≈≈≈#≈≈≈≈w##≈≈#.........#
.###.###.≈≈≈#######≈≈≈#........##
## ##.##..≈≈≈≈≈≈≈≈≈≈≈##........##
#..##...≈≈≈≈≈≈≈#............# #
#...........##.##............ #
#............#........##..... ##
##.....................##.....
.###......................##.....


You could see 2 swamp worms.

Vanquished Creatures
  Joseph (D:7)
  A hungry ghost (D:8)
  The ghost of appiemonkey the Vandal, an amateur HaAM (D:4)
  4 swamp worms (D:8)
  An ice beast (D:8)
  A phantom (D:8)
  An ogre (D:4)
  A black bear (D:6)
  A centaur (D:5)
  3 big kobolds (D:7)
  6 bullfrogs
  A scorpion (D:8)
  6 killer bees (D:8)
  4 crimson imps
  A bullfrog zombie (D:8)
  2 jellies (D:4)
  4 hounds
  2 orc priests
  A gnoll shaman (D:6)
  3 orc wizards
  A centaur skeleton (D:7)
  2 bullfrog skeletons
  An iguana (D:7)
  7 worker ants
  A killer bee zombie (D:8)
  A hound zombie (D:3)
  A hound skeleton (D:4)
  3 gnolls (D:6)
  6 adders
  A howler monkey skeleton (D:4)
  2 shadow imps
  5 oozes
  An adder skeleton (D:4)
  14 worms
  2 dart slugs
  6 leopard geckos
  10 orcs
  7 bats
  9 giant cockroaches
  5 goblins
  6 hobgoblins
  3 jackals (D:7)
  A giant cockroach zombie (D:5)
  2 jackal zombies
  21 kobolds
  2 quokka zombies
  5 rats
170 creatures vanquished.

Vanquished Creatures (others)
  4 plants (D:8)
4 creatures vanquished.

Grand Total: 174 creatures vanquished

Notes
Turn   | Place    | Note
-------+----------+-------------------------------------------
     0 | D:1      | zhuk the Gargoyle Gladiator began the quest for the Orb.
     0 | D:1      | Reached XP level 1. HP: 12/12 MP: 1/1
   136 | D:1      | Reached XP level 2. HP: 17/17 MP: 2/2
   594 | D:1      | Reached skill level 4 in Maces & Flails
   599 | D:1      | Reached XP level 3. HP: 14/21 MP: 3/3
  1423 | D:3      | Found an opulent altar of Gozag.
  1443 | D:3      | Found a stormy altar of Qazlal.
  1475 | D:3      | Reached XP level 4. HP: 24/26 MP: 4/4
  1674 | D:3      | Reached skill level 5 in Maces & Flails
  1934 | D:3      | Found a transporter.
  1934 | D:3      | Found a transporter.
  1942 | D:3      | Found a snail-covered altar of Cheibriados.
  1942 | D:3      | Found an ancient bone altar of Kikubaaqudgha.
  1942 | D:3      | Found an iron altar of Okawaru.
  1946 | D:3      | Reached XP level 5. HP: 30/30 MP: 5/5
  1960 | D:3      | Became a worshipper of Warmaster Okawaru
  2379 | D:3      | Found a sacrificial altar of Ru.
  2510 | D:4      | Found a hide-covered altar of Uskayaw.
  2511 | D:4      | Noticed a dagger
  2511 | D:4      | Noticed a hand axe
  2518 | D:4      | Found a sparkling altar of Nemelex Xobeh.
  2551 | D:4      | Reached skill level 6 in Maces & Flails
  2571 | D:4      | Noticed appiemonkey's ghost (amateur HaAM)
  2997 | D:4      | Noticed an ogre
  3001 | D:3      | Reached XP level 6. HP: 35/35 MP: 6/6
  3012 | D:4      | Reached skill level 7 in Maces & Flails
  3451 | D:4      | Killed appiemonkey's ghost
  3451 | D:4      | Reached * piety under Okawaru
  3451 | D:4      | Reached skill level 8 in Maces & Flails
  3451 | D:4      | Reached XP level 7. HP: 33/40 MP: 7/7
  3577 | D:4      | Found a staircase to the Ecumenical Temple.
  3824 | D:5      | Entered Level 5 of the Dungeon
  3843 | D:5      | Found a shadowy altar of Dithmenos.
  4408 | D:5      | Reached skill level 9 in Maces & Flails
  4436 | D:5      | Found a deep blue altar of Sif Muna.
  4459 | D:5      | Reached XP level 8. HP: 38/44 MP: 8/8
  4934 | D:6      | Reached skill level 1 in Invocations
  5604 | D:6      | Found a glowing golden altar of the Shining One.
  5759 | D:6      | Reached ** piety under Okawaru
  5759 | D:6      | Reached skill level 10 in Maces & Flails
  6476 | D:7      | Noticed Joseph
  6495 | D:7      | Killed Joseph
  6495 | D:7      | Reached skill level 11 in Maces & Flails
  6495 | D:7      | Reached XP level 9. HP: 36/48 MP: 10/10
  7287 | D:7      | Found a hazy altar of Hepliaklqana.
  8040 | D:8      | Reached *** piety under Okawaru
  8040 | D:8      | Reached skill level 5 in Fighting
  8048 | D:8      | Reached skill level 12 in Maces & Flails
  8771 | D:8      | Identified the Reference Book on Noxious Ignition
  9390 | D:8      | Reached XP level 10. HP: 44/61 MP: 11/11
  9687 | D:8      | HP: 1/91 [swamp worm (5)]
  9690 | D:8      | Slain by a swamp worm

Skill      XL: |  1  2  3  4  5  6  7  8  9 |
---------------+----------------------------+-----
Maces & Flails | 4 5 6 8 9 11 12 | 12.5
Invocations    | 2 |  2.3
Fighting       | 6 |  6.8
Throwing       | |  1.7
Dodging        | |  2.4

Action                   |  1- 3 |  4- 6 |  7- 9 | 10-12 || total
-------------------------+-------+-------+-------+-------++-------
Melee: Flail             |    90 |       |       |       ||    90
       Whip              |    29 |   111 |   446 |    26 ||   612
       Punch             |       |       |       |     1 ||     1
Throw: Tomahawk          |       |       |     3 |       ||     3
Invok: Heroism           |       |       |     1 |     2 ||     3
  Use: Scroll            |     3 |     1 |     6 |       ||    10
       Potion            |       |       |       |     1 ||     1
  Eat: Chunk             |     2 |     5 |    32 |     1 ||    40
Armor: Leather armour    |    50 |       |       |       ||    50
       Ring mail         |    12 |    52 |   147 |     6 ||   217
       Skin              |       |       |       |     2 ||     2
Dodge: Dodged            |    79 |    55 |   180 |    13 ||   327
